 Dungeon Crawl Stone Soup version 0.21.1-1-g345015fe64 (webtiles) character file.

207 Brecoman the Chopper (level 5, -3/41 HPs)
             Began as a Demonspawn Abyssal Knight on June 20, 2018.
             Was a Priest of Lugonu.
             Slain by a worker ant (6 damage)
             ... on level 4 of the Dungeon.
             The game lasted 00:22:50 (3569 turns).

Brecoman the Chopper (Demonspawn Abyssal Knight)    Turns: 3569, Time: 00:22:50

Health: -3/41      AC:  4    Str: 13    XL:     5   Next: 54%
Magic:  7/8        EV: 13    Int: 14    God:    Lugonu [***...]
Gold:   113        SH:  0    Dex: 12    Spells: 4/4 levels left

rFire    . . .     SeeInvis .   a - +2 hand axe
rCold    . . .     Gourm    .   (no shield)
rNeg     . . .     Faith    .   b - +1 leather armour
rPois    .         Spirit   .   (no helmet)
rElec    .         Reflect  .   (no cloak)
rCorr    .         Harm     .   (no gloves)
MR       .....                  (no boots)
Stlth    +.........             (no amulet)
HPRegen  0.13/turn              (no ring)
MPRegen  0.11/turn              (no ring)

@: no status effects
A: repulsion field 1
a: Depart the Abyss, Bend Space, Banish, Renounce Religion


You were on level 4 of the Dungeon.
You worshipped Lugonu.
Lugonu was most pleased with you.
You were not hungry.

You visited 1 branch of the dungeon, and saw 5 of its levels.
You visited the Abyss 1 time.

You collected 113 gold pieces.

Inventory:

Hand Weapons
 a - a +2 hand axe (weapon)
Missiles
 d - 119 stones (quivered)
Armour
 b - a +1 leather armour (worn)
 l - a +0 ring mail
 x - a +0 leather armour
Jewellery
 w - a cursed amulet of inaccuracy {unknown}
Wands
 g - a wand of random effects (33)
Scrolls
 i - 3 scrolls of teleportation
 r - a scroll of magic mapping
 v - a scroll of amnesia
Potions
 e - 2 potions of flight {unknown}
 f - 2 potions of mutation {unknown}
 m - 2 potions of cancellation {unknown}
 n - a potion of curing {unknown}
 o - 2 potions of berserk rage {unknown}
 p - a potion of lignification {unknown}
 q - a potion of agility {unknown}
 s - a potion of brilliance {unknown}
Comestibles
 c - 2 rations


   Skills:
 - Level 3.3 Fighting
 + Level 4.4 Axes
 - Level 2.0 Armour
 - Level 0.9 Dodging
 + Level 4.1 Invocations


You had 4 spell levels left.
You didn't know any spells.

Dungeon Overview and Level Annotations

Branches:
Dungeon (5/15)
 Temple: D:4-7

Altars:

Annotations:
D:5 Dowan, Duvessa


Innate Abilities, Weirdness & Mutations

You are surrounded by a mild repulsion field. (EV +2)


Message History

You climb downwards.
An orc, 2 orc wizards, Duvessa and Dowan come into view.
Duvessa is wielding a rapier of speed.
Duvessa shouts!
The orc wizard shouts! x2; The orc shouts!
You hear a shout! x2
Dowan shouts!
There is a stone staircase leading up here.
The orc wizard points at you and mumbles some strange words.
The puff of flame misses you.
The puff of flame hits the orc.
The orc dies!
The orc wizard hits you but does no damage.
You climb upwards.
There is a stone staircase leading down here.
Space bends around you!
You blink.
The gnoll hits you but does no damage. Space bends around you!
You blink.
All of the chunks of flesh in your inventory have rotted away.
A leopard gecko comes into view.
The leopard gecko hisses angrily.
The worker ant barely misses you. x2
Space bends around you!
You blink.
The worker ant bites you.
You die...

##### #### #...# #....
#...# #.#
#.#######...# #.#
#...........#
#####l######.........
#...@.g.go.....###.#.
#=.##a######...# #...
##.##ยง####...#$..#..#
#..#.##).%#####.#..#
#......### ...##
#...#### ##..# #.#.#
#..# #<#.# .# #...#


You could see a worker ant, an orc wizard, 2 gnolls and a leopard gecko.

Vanquished Creatures
  A hound (D:2)
  An orc wizard (D:3)
  A gnoll (D:4)
  7 adders
  An ooze (D:1)
  A worm (D:3)
  2 dart slugs
  3 orcs (D:3)
  2 giant cockroaches
  6 goblins
  9 hobgoblins
  7 jackals
  10 kobolds
  3 quokkas (D:2)
  A ball python (D:3)
  4 bats
  5 frilled lizards
  10 rats
74 creatures vanquished.

Vanquished Creatures (others)
  An orc (D:5)
1 creature vanquished.

Grand Total: 75 creatures vanquished

Notes
Turn   | Place    | Note
-------+----------+-------------------------------------------
     0 | Abyss:1  | Brecoman the Demonspawn Abyssal Knight began the quest for the Orb.
     0 | Abyss:1  | Reached XP level 1. HP: 18/18 MP: 2/2
    47 | D:1      | Escaped the Abyss
   287 | D:1      | Gained mutation: You are surrounded by a mild repulsion field. (EV +2) [demonic ancestry]
   287 | D:1      | Reached XP level 2. HP: 24/24 MP: 3/3
   490 | D:1      | Reached ** piety under Lugonu
   670 | D:1      | Reached XP level 3. HP: 27/29 MP: 4/4
  1372 | D:2      | Reached XP level 4. HP: 30/35 MP: 5/5
  1507 | D:2      | Reached *** piety under Lugonu
  2348 | D:3      | Reached XP level 5. HP: 13/41 MP: 7/7
  3546 | D:5      | Entered Level 5 of the Dungeon
  3546 | D:5      | Noticed Duvessa
  3546 | D:5      | Noticed Dowan
  3569 | D:4      | Slain by a worker ant

Skill      XL: |  1  2  3  4  5 |
---------------+----------------+-----
Armour         | 2 |  2.0
Axes           | 2 3 4 |  4.4
Invocations    | 3 4 |  4.1
Fighting       | |  3.3
Dodging        | |  0.9

Action                   |  1- 3 |  4- 6 || total
-------------------------+-------+-------++-------
Melee: Hand axe          |   139 |   145 ||   284
Invok: Bend Space        |       |     5 ||     5
  Use: Scroll            |     2 |     6 ||     8
  Eat: Chunk             |     1 |     4 ||     5
       Ration            |       |     1 ||     1
Armor: Leather armour    |    18 |     1 ||    19
       Ring mail         |    37 |    46 ||    83
Dodge: Dodged            |   105 |   113 ||   218
